 Dungeon Crawl Stone Soup version 0.30-a0-691-g754fce4c43 (webtiles) character file.

Game seed: 2861583905301749394

77 holysushi the Magician (level 4, -8/33 HPs)
             Began as a Djinni Hedge Wizard on Jan 20, 2023.
             Mangled by an iguana (14 damage)
             ... on level 3 of the Dungeon.
             The game lasted 00:03:51 (1784 turns).

holysushi the Magician (Djinni Hedge Wizard)        Turns: 1784, Time: 00:03:52

Health: -8/33      AC:  2    Str:  9    XL:     4   Next: 60%
Gold:   135        EV: 12    Int: 17    God:
                   SH:  0    Dex: 13

rFire   + + .      SeeInvis .    m - +2 dagger (vamp)
rCold   x . .      Faith    .    (no shield)
rNeg    + . .      Spirit   .    b - +0 robe
rPois   ∞          Reflect  .    c - +0 hat
rElec   .          Harm     .    (no cloak)
rCorr   .          Rampage  .    (no gloves)
Will    .....                    (boots unavailable)
Stlth   ++                       (no amulet)
HPRegen 0.25/turn                f - ring of positive energy
MPRegen 0.00/turn                (no ring)

@: flying, very slightly contaminated
A: sickness immunity, fire resistance 2, cold vulnerability 1, float, innate
caster, HP casting, extra vitality 1
a: no special abilities


You were on level 3 of the Dungeon.
You visited 1 branch of the dungeon, and saw 3 of its levels.

You collected 135 gold pieces.

Inventory:

Hand Weapons
 m - a +2 vampiric dagger (weapon)
Armour
 b - a +0 robe (worn)
 c - a +0 hat (worn)
Jewellery
 a - an amulet of regeneration
 f - a ring of positive energy (left hand)
Scrolls
 e - 3 scrolls of teleportation {unknown}
 h - 2 scrolls of blinking {unknown}
 i - 2 scrolls of identify {unknown}
 j - a scroll of magic mapping {unknown}
Potions
 d - a potion of magic
 g - a potion of attraction {unknown}
 k - a potion of flight {unknown}
 l - a potion of curing {unknown}


   Skills:
 - Level 2.2 Fighting
 - Level 2.1 Dodging
 - Level 1.5 Stealth
 + Level 3.3 Spellcasting


You couldn't memorise any spells.
You knew the following spells:

 Your Spells              Type           Power      Damage    Failure   Level
a - Magic Dart            Conj           56%        1d5       4%          1
b - Slow                  Hex            56%        N/A       4%          1
c - Blink                 Tloc           28%        N/A       6%          2
d - Call Imp              Summ           14%        N/A       6%          2
e - Mephitic Cloud        Conj/Pois/Air  14%        N/A       13%         3
f - Beastly Appendage     Tmut           28%        N/A       4%          1
Your spell library was empty.

Dungeon Overview and Level Annotations

Branches:
Dungeon (3/15) Zot: 16216

Altars:

Shops:
D:2 (


Innate Abilities, Weirdness & Mutations

You are immune to sickness and miasma.
You are immune to poison.
Your flesh is very heat resistant. (rF++)
You are vulnerable to cold. (rC-)
You float through the air rather than walking.
You learn spells naturally, not from books.
Your magical power is your life essence.
You have superior vitality. (+4 MHP)


Message History

Confirm with . or Enter, or press ? or * to list all spells.
Aiming: Magic Dart (safe; 4% risk of failure)
Press: ? - help, Shift-Dir - straight line, f - you That beam is likely to hit you.
Continue anyway?
Okay, then.
Casting: Magic Dart (safe; 4% risk of failure)
Confirm with . or Enter, or press ? or * to list all spells.
Aiming: Magic Dart (safe; 4% risk of failure)
Press: ? - help, Shift-Dir - straight line, f - iguana
Aim: an iguana (100% to hit)
The magic dart hits the iguana but does no damage.
Casting: Magic Dart (safe; 4% risk of failure)
Confirm with . or Enter, or press ? or * to list all spells.
Aiming: Magic Dart (safe; 4% risk of failure)
Press: ? - help, Shift-Dir - straight line, f/p - iguana
Aim: an iguana (100% to hit)
The magic dart hits the iguana.
The iguana is lightly wounded.
The iguana closely misses you.
You barely miss the iguana.
The iguana is lightly wounded.
The iguana bites you!
You hit the iguana.
The iguana is moderately wounded.
The iguana bites you!
* * * LOW HITPOINT WARNING * * *
You hit the iguana.
The iguana is heavily wounded.
The iguana misses you.
Casting: Magic Dart (safe; 4% risk of failure)
Confirm with . or Enter, or press ? or * to list all spells.
Aiming: Magic Dart (safe; 4% risk of failure)
Press: ? - help, Shift-Dir - straight line, f/p - iguana
Aim: an iguana (heavily wounded, 100% to hit)
You miscast Magic Dart.
You are very lightly contaminated with residual magic.
Nothing appears to happen.
* * * LOW HITPOINT WARNING * * *
The iguana bites you!
You die...

#.......#
#######.......#
#.....#†......#
#.###.#.......#
#.###.#).#.##.#
#.....#..#.##
#####....#..#
####.#.###.#
#......@l..#
#.#########.......
#.#.. >.###..
#.#.# ### ..#
#.#.# #.. #####
#.#.# #.# #...#
#.#.# #(# ##.>.#
#.#.# #.# #....#
#.#.# #.###...##


You could see an iguana.

Vanquished Creatures
  An orc priest (D:3)
  An adder (D:3)
  A dart slug (D:3)
  An orc (D:3)
  7 endoplasms
  2 giant cockroaches
  4 goblins
  4 hobgoblins
  3 kobolds
  2 quokkas (D:1)
  7 ball pythons
  A rat (D:1)
34 creatures vanquished.

Vanquished Creatures (others)
  A goblin (D:3)
1 creature vanquished.

Grand Total: 35 creatures vanquished

Notes
Turn   | Place    | Note
-------+----------+-------------------------------------------
     0 | D:1      | holysushi the Djinni Hedge Wizard began the quest for the
                  | Orb.
     0 | D:1      | holysushi set off with the following spells memorised:
                  | Magic Dart, Slow, Blink, Call Imp, Mephitic Cloud.
     0 | D:1      | Reached XP level 1. HP: 15/15 MP: 0/0
    86 | D:1      | Reached skill level 1 in Fighting
   176 | D:1      | Reached XP level 2. HP: 19/22 MP: 0/0
   823 | D:2      | Reached XP level 3. HP: 25/28 MP: 0/0
   823 | D:2      | Learned a level 1 spell: Beastly Appendage
   939 | D:2      | Found Wihakexe's Weapon Boutique.
  1514 | D:3      | Reached skill level 3 in Spellcasting
  1514 | D:3      | Reached XP level 4. HP: 8/33 MP: 0/0
  1784 | D:3      | Mangled by an iguana

Illustrated notes

Levels and vault maps discovered:
D:1:      lightli_arrival_statue_moat, layout_loops_cross
D:2:      layout_loops_cross, serial_shops,
          nicolae_shop_temple_entry_statues_fountains
D:3:      layout_basic, fiery_altar_vehumet, grunt_ministairs_12,
          grunt_decor_junction

Skill      XL: |  1  2  3 |
---------------+----------+-----
Fighting       | 1 2 |  2.2
Spellcasting   | 3 |  3.3
Dodging        | |  2.1
Stealth        | |  1.5

Action                   |  1- 3 |  4- 6 || total
-------------------------+-------+-------++-------
Melee: Dagger            |    16 |     4 ||    20
 Cast: Magic Dart        |    58 |    18 ||    76
       Mephitic Cloud    |     1 |       ||     1
 Stab: Sleeping          |     2 |     1 ||     3
Armor: Robe              |       |     2 ||     2
Dodge: Dodged            |    18 |     3 ||    21

Table legend: (Time is in decaauts)
 A = Elapsed time spent in this place.
 B = Non-inter-level travel time spent in this place.
 C = Inter-level travel time spent in this place.
 D = Time resting spent in this place.
 E = Time spent auto-exploring this place.
 F = Levels seen in this place.
 G = Mean time per level.
                   A        B        C        D        E       F      G
               +--------+--------+--------+--------+--------+-----+--------+
         Total |   1782 |   1704 |     78 |    184 |   1167 |   3 |  594.0 |
       Dungeon |   1782 |   1704 |     78 |    184 |   1167 |   3 |  594.0 |
               +--------+--------+--------+--------+--------+-----+--------+

Top non-repeatable levels by time:
     D:1: 793 daAuts
     D:2: 663 daAuts
     D:3: 326 daAuts
